 Dungeon Crawl Stone Soup version 0.31-a0-664-g902f515a81 (webtiles) character file.

Game seed: 4029095614770858449

23 Bravepunisher the Ducker (level 2, -3/16 HPs)
             Began as a Spriggan Monk on Sept 2, 2023.
             Killed by nerve-wracking pain
             ... invoked by Jessica
              (11 damage)
             ... on level 3 of the Dungeon.
             The game lasted 00:02:01 (716 turns).

Bravepunisher the Ducker (Spriggan Monk)             Turns: 716, Time: 00:02:01

Health: -3/16      AC:  2    Str:  7    XL:     2   Next: 72%
Magic:  3/3        EV: 19    Int: 11    God:
Gold:   12         SH:  0    Dex: 17    Spells: 1/1 levels left

rFire   . . .        a - +0 short sword
rCold   . . .        d - orb {light}
rNeg    . . .        b - +0 robe
rPois   .            (helmet restricted)
rElec   .            (no cloak)
rCorr   .            (gloves unavailable)
SInv    +            (boots unavailable)
Will    .....        (no amulet)
Stlth   +            (no ring)
HPRegen 0.22/turn    (no ring)
MPRegen 0.08/turn

%: no passive effects
@: glowing, very quick
A: very small, no large weapons, unfitting armour, see invisible, speed 3
a: no special abilities


You were on level 3 of the Dungeon.
You visited 1 branch of the dungeon, and saw 4 of its levels.

You collected 12 gold pieces.

Inventory:

Hand Weapons
 a - a +0 short sword (weapon)
Armour
 b - a +0 robe (worn)
 d - an orb of light (worn)
Wands
 j - a wand of digging (6)
Scrolls
 e - a scroll of identify {unknown}
 g - a scroll of brand weapon {unknown}
 h - a scroll of teleportation {unknown}
Potions
 c - a potion of ambrosia
 f - 2 potions of cancellation {unknown}
 i - a potion of enlightenment {unknown}


   Skills:
 + Level 2.7 Fighting
 - Level 3.2 Short Blades
 * Level 5.0 Dodging


You had one spell level left.
You didn't know any spells.
Your spell library was empty.

Dungeon Overview and Level Annotations

Branches:
Dungeon (4/15)
 Temple: D:4-7

Altars:
Yredelemnul

Annotations:
D:3 Jessica


Innate Abilities, Weirdness & Mutations

You are very small and have problems with some larger weapons.
You are too small for most types of armour.
You have supernaturally acute eyesight. (SInv)
You cover ground extremely quickly. (Speed+++)


Message History

The bat misses you.
Aiming: Dig
Press: ? - help, Shift-Dir - straight line A rock wall.
This square is lit by a halo.
The rock shatters into small pieces.
The bat hits you. The bat hits you.
A dart slug comes into view.
The bat attacks as it pursues you! The bat misses you. The bat hits you.
Found a stone staircase leading up.
The bat misses you.
You barely miss the bat. The bat barely misses you.
The bat hits you but does no damage.
You barely miss the bat. The bat barely misses you. The bat closely misses you.
You hit the bat.
You kill the bat!
The dart slug launches a dart at you. The slug dart misses you.
Your Dodging skill increases to level 5!
An orc comes into view. It is wielding a +0 morningstar.
A phantom comes into view.
Found 22 gold pieces.
There is a stone staircase leading up here.
You climb upwards.
Level annotation: Jessica
There is a stone staircase leading down here.
Found 3 stones.
The endoplasm quivers.
A ball python comes into view.
Jessica shouts!
The endoplasm misses you. Jessica gestures at you while chanting.
Pain shoots through your body!
Ouch! That really hurt!
Jessica casts a spell.
Jessica seems to speed up.
Jessica points at you and mumbles some strange words.
Pain shoots through your body!
Ouch! That really hurt!
You die...

..#<....##. ..# #.#...####.
#... #.#_..####. #.#.#
##..........
#...#####...........
#.#...#............#
#..................#
...#######.###?..#.....@....#
........$...@...##.......?..#
..(..........@###..........#
...####.J.##..##..........
#.. #....###.##......g..
#.##.##.# .######.#.#
#....##!.. .. ..
##..########.. #......... ...
#.###...######


You could see Jessica (fast) and an endoplasm.

Vanquished Creatures
  A ball python (D:1)
  2 bats
  2 giant cockroaches (D:1)
  3 jackals (D:3)
  2 quokkas
  2 frilled lizards (D:1)
  5 goblins
  A kobold (D:2)
  2 rats
20 creatures vanquished.

Notes
Turn   | Place    | Note
-------+----------+-------------------------------------------
     0 | D:1      | Bravepunisher the Spriggan Monk began the quest for the
                  | Orb.
     0 | D:1      | Reached XP level 1. HP: 11/11 MP: 2/2
   293 | D:1      | Reached XP level 2. HP: 13/16 MP: 3/3
   643 | D:3      | Noticed Jessica
   646 | D:3      | Found a basalt altar of Yredelemnul.
   666 | D:4      | Noticed a phantom
   700 | D:4      | Reached skill level 5 in Dodging
   701 | D:4      | Noticed a phantom
   716 | D:3      | Killed from afar by Jessica

Illustrated notes

Levels and vault maps discovered:
D:1:      psy_arrival_whirlpool, layout_loops_corners, amcnicky_mini_pool_small,
          minmay_door_square, hangedman_decor_push
D:2:      layout_basic
D:3:      layout_rooms, overflow_temple_1_default, nrook_mini_vaults,
          hex_medium, minmay_increasing_density, uniq_jessica, uniq_ijyb
D:4:      layout_basic, minmay_temple_entry_sparse_star,
          amcnicky_mini_corridor_feature, st_stairs_8,
          eino_small_chamber_without_monster, chequers_serial_rivers_micro_b,
          uniq_robin, uniq_sigmund, uniq_natasha

Skill      XL: |  1  2 |
---------------+-------+-----
Dodging        | 5 |  5.0
Fighting       | |  2.7
Short Blades   | |  3.2

Action                     || total
---------------------------++-------
  Melee: Short sword       ||    55
  Evoke: Wand              ||     1
   Stab: Sleeping          ||     1
 Armour: Robe              ||    22
  Dodge: Dodged            ||    55

Table legend: (Time is in decaauts)
 A = Elapsed time spent in this place.
 B = Non-inter-level travel time spent in this place.
 C = Inter-level travel time spent in this place.
 D = Time resting spent in this place.
 E = Time spent auto-exploring this place.
 F = Levels seen in this place.
 G = Mean time per level.
                   A        B        C        D        E       F      G
               +--------+--------+--------+--------+--------+-----+--------+
         Total |    482 |    481 |      1 |      0 |    333 |   4 |  120.5 |
       Dungeon |    482 |    481 |      1 |      0 |    333 |   4 |  120.5 |
               +--------+--------+--------+--------+--------+-----+--------+

Top non-repeatable levels by time:
     D:1: 331 daAuts
     D:3: 65 daAuts
     D:2: 58 daAuts
     D:4: 27 daAuts
